 Dungeon Crawl Stone Soup version 0.23.2-40-g277498a001 (webtiles) character file.

Game seed: 11542077612327695954

57 MalarOregon the Insei (level 4, -7/33 HPs)
             Began as a Merfolk Transmuter on Aug 12, 2019.
             Mangled by Grinder (10 damage)
             ... on level 3 of the Dungeon on Aug 13, 2019.
             The game lasted 00:05:24 (2028 turns).

MalarOregon the Insei (Merfolk Transmuter)          Turns: 2028, Time: 00:05:25

Health: -7/33      AC:  3    Str: 10 (11) XL:     4   Next: 0%
Magic:  4/7        EV: 12    Int:  9 (12) God:
Gold:   56         SH:  0    Dex: 11 (14) Spells: 1/7 levels left

rFire    . . .     SeeInvis .     - Unarmed
rCold    . . .     Gourm    .   (no shield)
rNeg     . . .     Faith    .   r - +0 leather armour
rPois    .         Spirit   .   (no helmet)
rElec    .         Reflect  .   (no cloak)
rCorr    .         Harm     .   (no gloves)
MR       .....                  (no boots)
Stlth    +.........             (no amulet)
HPRegen  0.11/turn              (no ring)
MPRegen  0.10/turn              (no ring)

@: lethally poisoned (-7 -> -20), very slightly contaminated, hasted, very quick
A: change form in water, swift swim, stealthy swim
a: no special abilities


You were on level 3 of the Dungeon.
You were hungry.

You visited 1 branch of the dungeon, and saw 3 of its levels.

You collected 56 gold pieces.

Inventory:

Hand Weapons
 i - a +0 short sword of holy wrath
   (You found it on level 1 of the Dungeon)
 n - a +2 dagger of pain
   (You found it on level 2 of the Dungeon)
Missiles
 a - 12 arrows
Armour
 b - a +0 robe
 o - a +0 plate armour
   (You found it on level 2 of the Dungeon)
 r - a +0 leather armour (worn)
   (You found it on level 2 of the Dungeon)
Scrolls
 c - a scroll of enchant armour {unknown}
 f - 2 scrolls of identify {unknown}
 g - 2 scrolls of blinking {unknown}
 j - 2 scrolls of magic mapping {unknown}
 m - 4 scrolls of remove curse {unknown}
 q - a scroll of random uselessness {unknown}
Potions
 d - a potion of degeneration {!q}
 h - a potion of haste {@q3}
 k - a potion of cancellation {unknown}
 l - a potion of magic {unknown}
 p - 2 potions of lignification {unknown}
Comestibles
 e - 6 rations {!d}


   Skills:
 + Level 2.1 Fighting
 + Level 3.5 Dodging
 + Level 3.8 Unarmed Combat
 - Level 2.0 Spellcasting
 + Level 3.6 Transmutations


You had one spell level left.
You knew the following spells:

 Your Spells              Type           Power        Failure   Level  Hunger
a - Beastly Appendage     Tmut           #.....       10%         1    ##.....
s - Sticks to Snakes      Tmut           #.......     16%         2    ###....
x - Spider Form           Tmut/Pois      #.........   54%         3    ####...

Your spell library contained the following spells:

 Spells                   Type           Power        Failure   Level  Hunger
 Ice Form                 Ice/Tmut       #.......     91%         4    #####..
 Blade Hands              Tmut           #.........   95%         5    ######.


Dungeon Overview and Level Annotations

Branches:
Dungeon (3/15)

Altars:
Ashenzari

Annotations:
D:3 Grinder


Message History

Your transformation is almost over.
Grinder gestures at you. Pain shoots through your body!
* * * LOW HITPOINT WARNING * * *
The kobold shoots a poisoned needle.
The poisoned needle misses you.
You see here a poisoned needle.
Grinder blinks!
You see here a whip.
Your transformation has ended.
Your +0 leather armour unmelds from your body.
You hit the bush but do no damage. Grinder gestures at you.
You barely resist.
You start resting.
Grinder is too close now for your liking.
You miscast Spider Form.
You are very lightly contaminated with residual magic.
Your skin glows momentarily.
You are feeling hungry.
Grinder gestures at you.
You suddenly lose the ability to move!
Grinder hits you.
* * * LOW HITPOINT WARNING * * *
You writhe in agony.
* * * LOW HITPOINT WARNING * * *
Grinder blinks!
The kobold shoots a poisoned needle.
The poisoned needle hits you!
You are lethally poisoned!
* * * LOW HITPOINT WARNING * * *
You feel sick.
The kobold shoots a poisoned needle.
The poisoned needle hits you!
You are more poisoned.
* * * LOW HITPOINT WARNING * * *
You feel sick.
You can move again.
Unknown command.
Unknown command.
Unknown command.
It was a potion of degeneration.
There was something very wrong with that liquid.
You feel weakened.
You feel dopey.
You feel clumsy.
* * * LOW HITPOINT WARNING * * *
You feel sick. Grinder gestures at you.
You barely resist. The kobold misses you.
Unknown command.
It was a potion of haste.
You feel yourself speed up.
* * * LOW HITPOINT WARNING * * *
You feel sick. Grinder hits you!
You die...

#.# .g# #.# #.# #K#
########.# ###.# #........#
....# #@5.....#
...(#.##########K......###
...>+....................
...(######..5###........##.
..).###


#.).###PPPPPPP.PPP ###...####...##.....P.P...P #.....)5....()PPP.P.P.P.
##...####.....#P.P.P...P #.....# #.....#P.P.P.P.PPP You could see Grinder and a
kobold.

Vanquished Creatures
  An ooze (D:1)
  3 dart slugs
  2 ball pythons (D:1)
  2 bats (D:1)
  5 giant cockroaches
  6 goblins
  2 hobgoblins
  4 jackals
  2 quokkas
  3 frilled lizards (D:1)
  9 kobolds
  3 rats
42 creatures vanquished.

Notes
Turn   | Place    | Note
-------+----------+-------------------------------------------
     0 | D:1      | MalarOregon the Merfolk Transmuter began the quest for the
                  | Orb.
     0 | D:1      | Reached XP level 1. HP: 15/15 MP: 3/3
   154 | D:1      | Reached XP level 2. HP: 21/21 MP: 3/5
   454 | D:1      | Reached XP level 3. HP: 23/27 MP: 6/6
   523 | D:1      | Learned a level 2 spell: Sticks to Snakes
   527 | D:1      | Learned a level 3 spell: Spider Form
  1128 | D:2      | Found a shattered altar of Ashenzari.
  1980 | D:3      | Reached XP level 4. HP: 23/33 MP: 7/7
  1991 | D:3      | Noticed Grinder
  1991 | D:3      | Paralysed by Grinder for 3 turns
  2021 | D:3      | Paralysed by Grinder for 6 turns
  2028 | D:3      | Mangled by Grinder

Skill      XL: |  1  2  3 |
---------------+----------+-----
Dodging        | 3 |  3.5
Transmutations | 3 |  3.6
Fighting       | 2 |  2.1
Unarmed Combat | |  3.8
Spellcasting   | |  2.0

Action                   |  1- 3 |  4- 6 || total
-------------------------+-------+-------++-------
Melee: Unarmed           |   134 |     2 ||   136
       Headbutt          |    10 |       ||    10
       Punch             |     2 |       ||     2
 Cast: Beastly Appendage |    17 |       ||    17
       Spider Form       |     5 |     1 ||     6
  Use: Potion            |       |     2 ||     2
 Stab: Sleeping          |     1 |       ||     1
  Eat: Chunk             |     4 |     1 ||     5
Armor: Robe              |     6 |       ||     6
       Leather armour    |     8 |       ||     8
Dodge: Dodged            |    90 |     3 ||    93
